SAAA
FLORIDA MEN @ ELLENBURG FIGHTING DACHSUNDS
08/10/2026
 
TOP OF THE 1ST
Florida Men batting - Pitching for Ellenburg Fighting Dachsunds : RHP Jim Unknown
Pitching: RHP Jim Unknown
Batting: RHB Pat Ings 0-0: Swinging Strike
0-1: Ball
1-1: Ball
2-1: Called Strike
2-2: Foul Ball, location: 2F
2-2: Ball
3-2: Foul Ball, location: 2F
3-2: Fly out, F9 (Flyball, 9LSF)
Batting: RHB Juan Carlos Cruz 0-0: Fly out, F9 (Flyball, 89S)
Batting: RHB Al Thomas 0-0: Ball
1-0: Ball
2-0: Ground out 6-3 (Groundball, 6)
Top of the 1st over - 0 run(s), 0 hit(s), 0 error(s), 0 left on base; Florida 0 - Ellenburg 0
BOTTOM OF THE 1ST
Ellenburg Fighting Dachsunds batting - Pitching for Florida Men : RHP Jorge Silva
Pitching: RHP Jorge Silva
Batting: RHB Alfredo Méndez 0-0: Foul Ball, location: 2F
0-1: Called Strike
0-2: Ground out 4-3 (Groundball, 4M)
Batting: RHB Juan Ramos 0-0: Called Strike
0-1: Ball
1-1: Ball
2-1: Foul Ball, location: 2F
2-2: Foul Ball, location: 2F
2-2: Ball
3-2: Fly out, F9 (Flyball, 9)
Batting: SHB Dylan Carson 0-0: Ball
1-0: Swinging Strike
1-1: Swinging Strike
1-2: Ground out 6-3 (Groundball, 6)
Bottom of the 1st over - 0 run(s), 0 hit(s), 0 error(s), 0 left on base; Florida 0 - Ellenburg 0
TOP OF THE 2ND
Florida Men batting - Pitching for Ellenburg Fighting Dachsunds : RHP Jim Unknown
Batting: LHB Bastyăo Lizardo 0-0: Called Strike
0-1: Foul Ball, location: 2F
0-2: Ball
1-2: Strikes out swinging
Batting: RHB Gilberto Patino 0-0: Ball
1-0: Called Strike
1-1: Fly out, F8 (Flyball, 8RD)
Batting: RHB Mike Brown 0-0: Called Strike
0-1: Fly out, F9 (Flyball, 9D)
Top of the 2nd over - 0 run(s), 0 hit(s), 0 error(s), 0 left on base; Florida 0 - Ellenburg 0
BOTTOM OF THE 2ND
Ellenburg Fighting Dachsunds batting - Pitching for Florida Men : RHP Jorge Silva
Batting: RHB Bob Campbell 0-0: Ball
1-0: Called Strike
1-1: Ground out 4-3 (Groundball, 4)
Batting: RHB José Vázquez 0-0: Ball
1-0: SINGLE (Flyball, 7S)
Batting: LHB José Ortega 0-0: Called Strike
0-1: Ball
1-1: Ball
2-1: Ball
3-1: Base on Balls
José Vázquez to second
Batting: RHB Marty Jennings 0-0: Ball
1-0: Foul Ball, location: 2F
1-1: Ball
2-1: Called Strike
2-2: Fielders Choice at 2nd, 1-6 (Groundball, 13)
José Vázquez to third
Batting: RHB Meka Knight 0-0: Ball
1-0: Ball
2-0: Called Strike
2-1: Swinging Strike
2-2: DOUBLE (Line Drive, 8LXD)
José Vázquez scores
Marty Jennings to third
Batting: RHB Jack Burton 0-0: Ball
1-0: Swinging Strike
1-1: Foul Ball, location: 2F
1-2: Ball
2-2: Ground out 5-3 (Groundball, 5S)
Bottom of the 2nd over - 1 run(s), 2 hit(s), 0 error(s), 2 left on base; Florida 0 - Ellenburg 1
TOP OF THE 3RD
Florida Men batting - Pitching for Ellenburg Fighting Dachsunds : RHP Jim Unknown
Batting: RHB Israel Sanders 0-0: Ground out 6-3 (Groundball, 6)
Batting: RHB Lorenzo Díaz 0-0: Ball
1-0: Called Strike
1-1: Swinging Strike
1-2: Strikes out swinging
Batting: LHB Harrison Jones 0-0: Ball
1-0: Foul Ball, location: 2F
1-1: Swinging Strike
1-2: Strikes out swinging
Top of the 3rd over - 0 run(s), 0 hit(s), 0 error(s), 0 left on base; Florida 0 - Ellenburg 1
BOTTOM OF THE 3RD
Ellenburg Fighting Dachsunds batting - Pitching for Florida Men : RHP Jorge Silva
Batting: RHB Alfredo Méndez 0-0: Ball
1-0: Fly out, F8 (Flyball, 8RS)
Batting: RHB Juan Ramos 0-0: Ball
1-0: Ball
2-0: Foul Ball, location: 2F
2-1: Ball
3-1: Called Strike
3-2: Base on Balls
Batting: SHB Dylan Carson 0-0: Called Strike
0-1: Foul Ball, location: 2F
0-2: Strikes out swinging
Batting: RHB Bob Campbell 0-0: Called Strike
0-1: Fly out, F7 (Line Drive, 78D)
Bottom of the 3rd over - 0 run(s), 0 hit(s), 0 error(s), 1 left on base; Florida 0 - Ellenburg 1
TOP OF THE 4TH
Florida Men batting - Pitching for Ellenburg Fighting Dachsunds : RHP Jim Unknown
Batting: RHB Pat Ings 0-0: Swinging Strike
0-1: Ball
1-1: DOUBLE (Flyball, 8RD)
Batting: RHB Juan Carlos Cruz 0-0: Called Strike
0-1: Ball
1-1: Swinging Strike
1-2: Strikes out looking
Batting: RHB Al Thomas 0-0: SINGLE (Line Drive, 6)
Pat Ings to third
Batting: LHB Bastyăo Lizardo 0-0: Ball
1-0: Ball
2-0: Ball
3-0: Called Strike
3-1: Foul Ball, location: 2F
3-2: Fly out, F9 (Flyball, 89M)
Runner from 3rd tags up, SCORES, throw made
Batting: RHB Gilberto Patino 0-0: Ball
1-0: Ball
2-0: Called Strike
2-1: Fly out, F4 (Line Drive, 4)
Top of the 4th over - 1 run(s), 2 hit(s), 0 error(s), 1 left on base; Florida 1 - Ellenburg 1
BOTTOM OF THE 4TH
Ellenburg Fighting Dachsunds batting - Pitching for Florida Men : RHP Jorge Silva
Batting: RHB José Vázquez 0-0: Ball
1-0: Ball
2-0: Ball
3-0: Base on Balls
Batting: LHB José Ortega 0-0: Ball
1-0: Ball
2-0: Called Strike
2-1: Ball
3-1: Base on Balls
José Vázquez to second
Batting: RHB Marty Jennings 0-0: Ball
1-0: Foul Ball, location: 2F
1-1: SINGLE (Groundball, 34S) (infield hit)
José Vázquez to third
José Ortega to second
Batting: RHB Meka Knight 0-0: Ball
1-0: Ball
2-0: Ball
3-0: Base on Balls
José Vázquez scores
José Ortega to third
Marty Jennings to second
Batting: RHB Jack Burton 0-0: Fly out, F6 (Popup, 6D)
Batting: RHB Alfredo Méndez 0-0: Fly out, F9 (Line Drive, 9)
Runner from 3rd tags up, SCORES, no throw
Batting: RHB Juan Ramos 0-0: Ball
1-0: Ball
2-0: SINGLE (Groundball, 6MD)
Marty Jennings to third
Meka Knight to second
Runner from 3rd tries for Home, SAFE, no throw
Batting: SHB Dylan Carson 0-0: Swinging Strike
0-1: Ball
1-1: Ball
Wild Pitch!
Meka Knight to third
Juan Ramos to second
2-1: Ground out U3 (Groundball, 34)
Bottom of the 4th over - 3 run(s), 2 hit(s), 0 error(s), 2 left on base; Florida 1 - Ellenburg 4
TOP OF THE 5TH
Florida Men batting - Pitching for Ellenburg Fighting Dachsunds : RHP Jim Unknown
Batting: RHB Mike Brown 0-0: Foul Ball, location: 2F
0-1: Ball
1-1: Foul Ball, location: 2F
1-2: Foul Ball, location: 2F
1-2: Ground out 1-3 (Groundball, 15S)
Batting: RHB Israel Sanders 0-0: Foul Ball, location: 2F
0-1: Swinging Strike
0-2: Foul Ball, location: 2F
0-2: Ball
1-2: Ball
2-2: Foul Ball, location: 2F
2-2: Foul Ball, location: 2F
2-2: Ball
3-2: Base on Balls
Batting: RHB Lorenzo Díaz 0-0: Ball
1-0: Ball
2-0: Foul Ball, location: 2F
2-1: Foul Ball, location: 2F
2-2: Reached on error, E6 (Groundball, 56)
Israel Sanders to second
Batting: LHB Harrison Jones 0-0: Ball
1-0: SINGLE (Groundball, 34S) (infield hit)
Israel Sanders to third
Lorenzo Díaz to second
Batting: RHB Pat Ings 0-0: Called Strike
0-1: Fly out, F9 (Flyball, 89S)
Batting: RHB Juan Carlos Cruz 0-0: Ball
1-0: Ball
2-0: Ball
3-0: Called Strike
3-1: Fielders Choice at 2nd, 5-4 (Groundball, 56)
Top of the 5th over - 0 run(s), 1 hit(s), 1 error(s), 2 left on base; Florida 1 - Ellenburg 4
BOTTOM OF THE 5TH
Ellenburg Fighting Dachsunds batting - Pitching for Florida Men : RHP Jorge Silva
Batting: RHB Bob Campbell 0-0: Called Strike
0-1: Ball
1-1: Called Strike
1-2: Ball
2-2: SINGLE (Groundball, 4MD)
Batting: RHB José Vázquez 0-0: Foul Ball, location: 2F
0-1: Fly out, F9 (Flyball, 9S)
Batting: LHB José Ortega 0-0: Called Strike
0-1: Called Strike
0-2: Foul Ball, location: 2F
0-2: TRIPLE (Flyball, 89D)
Bob Campbell scores
Batting: RHB Marty Jennings 0-0: Ball
1-0: Foul Ball, location: 2F
1-1: Ground out 4-3 (Groundball, 4)
José Ortega scores
Batting: RHB Meka Knight 0-0: Ball
1-0: Called Strike
1-1: Ball
2-1: Called Strike
2-2: Foul Ball, location: 2F
2-2: Foul Ball, location: 2F
2-2: Ground out 6-3 (Groundball, 6S)
Bottom of the 5th over - 2 run(s), 2 hit(s), 0 error(s), 0 left on base; Florida 1 - Ellenburg 6
TOP OF THE 6TH
Florida Men batting - Pitching for Ellenburg Fighting Dachsunds : RHP Jim Unknown
Batting: RHB Al Thomas 0-0: Ball
1-0: Ball
2-0: SINGLE (Flyball, 89S)
Batting: LHB Bastyăo Lizardo 0-0: Ball
1-0: Called Strike
1-1: Swinging Strike
1-2: Foul Ball, location: 2F
1-2: Hit by Pitch
Al Thomas to second
Batting: RHB Gilberto Patino 0-0: Fly out, F2 (Popup, 3S)
Batting: RHB Mike Brown 0-0: Foul Ball, location: 2F
0-1: Ball
1-1: Called Strike
1-2: Foul Ball, location: 2F
1-2: Ball
2-2: Foul Ball, location: 2F
2-2: Strikes out swinging
Batting: RHB Israel Sanders 0-0: Ball
1-0: Foul Ball, location: 2F
1-1: Ball
2-1: Foul Ball, location: 2F
2-2: Foul Ball, location: 2F
2-2: Ball
3-2: Base on Balls
Al Thomas to third
Bastyăo Lizardo to second
Batting: RHB Lorenzo Díaz 0-0: Swinging Strike
0-1: Ground out 1-3 (Groundball, P)
Top of the 6th over - 0 run(s), 1 hit(s), 0 error(s), 3 left on base; Florida 1 - Ellenburg 6
BOTTOM OF THE 6TH
Ellenburg Fighting Dachsunds batting - Pitching for Florida Men : RHP Jorge Silva
Pitching: RHP Jorge Cantú
Batting: RHB Jack Burton 0-0: Ball
1-0: Ball
2-0: Called Strike
2-1: Foul Ball, location: 2F
2-2: Ball
3-2: Foul Ball, location: 2F
3-2: Base on Balls
Batting: RHB Alfredo Méndez 0-0: Ball
1-0: Ball
2-0: Foul Ball, location: 2F
2-1: Ball
3-1: SINGLE (Groundball, 34D)
Jack Burton to second
Runner from 2nd tries for 3rd, SAFE, throw made to third
Batting: RHB Juan Ramos 0-0: Ball
1-0: Called Strike
1-1: Swinging Strike
1-2: Ball
2-2: Ball
3-2: Base on Balls
Alfredo Méndez to second
Batting: SHB Dylan Carson 0-0: Ball
1-0: Ball
2-0: SINGLE (Groundball, 4MD)
Jack Burton scores
Alfredo Méndez to third
Juan Ramos to second
Runner from 3rd tries for Home, SAFE, no throw
Batting: RHB Bob Campbell 0-0: Called Strike
0-1: Ball
1-1: Ball
2-1: Foul Ball, location: 2F
2-2: Ball
3-2: Base on Balls
Juan Ramos to third
Dylan Carson to second
Batting: RHB José Vázquez 0-0: Ball
1-0: SINGLE (Flyball, 9LS)
Juan Ramos scores
Dylan Carson to third
Bob Campbell to second
Runner from 3rd tries for Home, SAFE, no throw
Pitching: RHP Carlos González
Batting: LHB José Ortega 0-0: Ball
1-0: Called Strike
1-1: Fielders Choice at 2nd, 3-6 (Groundball, 34)
Bob Campbell to third
Batting: RHB Marty Jennings 0-0: Called Strike
0-1: Called Strike
0-2: Ball
1-2: Grounds into double play, 4-6-3 (Groundball, 34)
Bottom of the 6th over - 4 run(s), 3 hit(s), 0 error(s), 1 left on base; Florida 1 - Ellenburg 10
TOP OF THE 7TH
Florida Men batting - Pitching for Ellenburg Fighting Dachsunds : RHP Jim Unknown
Batting: LHB Harrison Jones 0-0: Ball
1-0: Swinging Strike
1-1: Called Strike
1-2: Ball
2-2: Foul Ball, location: 2F
2-2: Foul Ball, location: 2F
2-2: Ball
3-2: Foul Ball, location: 2F
3-2: Strikes out swinging
Batting: RHB Pat Ings 0-0: Ball
1-0: Fly out, F9 (Flyball, 9S)
Batting: RHB Juan Carlos Cruz 0-0: Ball
1-0: Called Strike
1-1: Called Strike
1-2: Ground out 6-3 (Groundball, 6S)
Top of the 7th over - 0 run(s), 0 hit(s), 0 error(s), 0 left on base; Florida 1 - Ellenburg 10
BOTTOM OF THE 7TH
Ellenburg Fighting Dachsunds batting - Pitching for Florida Men : RHP Carlos González
Batting: RHB Meka Knight 0-0: Ball
1-0: Called Strike
1-1: Ball
2-1: Ball
3-1: Fly out, F9 (Flyball, 9S)
Batting: RHB Jack Burton 0-0: Ball
1-0: Ball
2-0: Called Strike
2-1: Ball
3-1: Base on Balls
Batting: RHB Alfredo Méndez 0-0: Ball
1-0: Foul Ball, location: 2F
1-1: SINGLE (Groundball, 56D)
Jack Burton to second
Batting: RHB Juan Ramos 0-0: SINGLE (Line Drive, 7S)
Jack Burton to third
Alfredo Méndez to second
Batting: SHB Dylan Carson 0-0: Called Strike
0-1: Fly out, F7 (Line Drive, 78S)
Runner from 3rd tags up, SCORES, no throw
Batting: RHB Bob Campbell 0-0: Ball
1-0: Ball
2-0: Called Strike
2-1: Ball
3-1: Swinging Strike
3-2: SINGLE (Groundball, 3) (infield hit)
Alfredo Méndez to third
Juan Ramos to second
Batting: RHB José Vázquez 0-0: Fly out, F8 (Flyball, 8LS)
Bottom of the 7th over - 1 run(s), 3 hit(s), 0 error(s), 3 left on base; Florida 1 - Ellenburg 11
TOP OF THE 8TH
Florida Men batting - Pitching for Ellenburg Fighting Dachsunds : RHP Jim Unknown
Pitching: RHP Jim Unknown
Now at 2B: Ron Johnston
Batting: RHB Al Thomas 0-0: Swinging Strike
0-1: Swinging Strike
0-2: Ball
1-2: Fly out, F7 (Flyball, 7)
Batting: LHB Bastyăo Lizardo 0-0: Ball
1-0: Called Strike
1-1: Called Strike
1-2: Ball
2-2: Strikes out swinging
Batting: RHB Gilberto Patino 0-0: Ball
1-0: Ball
2-0: Foul Ball, location: 2F
2-1: Foul Ball, location: 2F
2-2: Strikes out swinging
Top of the 8th over - 0 run(s), 0 hit(s), 0 error(s), 0 left on base; Florida 1 - Ellenburg 11
BOTTOM OF THE 8TH
Ellenburg Fighting Dachsunds batting - Pitching for Florida Men : RHP Carlos González
Batting: LHB José Ortega 0-0: Foul Ball, location: 2F
0-1: Ground out 4-3 (Groundball, 4)
Batting: RHB Marty Jennings 0-0: Foul Ball, location: 2F
0-1: Swinging Strike
0-2: SINGLE (Line Drive, 8RS)
Batting: RHB Meka Knight 0-0: Ball
1-0: Called Strike
1-1: Ball
2-1: Swinging Strike
2-2: Fly out, F7 (Flyball, 7S)
Batting: RHB Jack Burton 0-0: Ball
1-0: Ball
2-0: Foul Ball, location: 2F
2-1: Ball
3-1: Base on Balls
Marty Jennings to second
Batting: RHB Alfredo Méndez 0-0: Foul Ball, location: 2F
0-1: Ball
1-1: Foul Ball, location: 2F
1-2: Ball
2-2: Foul Ball, location: 2F
2-2: Foul Ball, location: 2F
2-2: Fielders Choice at 2nd, U6 (Groundball, 6M)
Bottom of the 8th over - 0 run(s), 1 hit(s), 0 error(s), 2 left on base; Florida 1 - Ellenburg 11
TOP OF THE 9TH
Florida Men batting - Pitching for Ellenburg Fighting Dachsunds : RHP Jim Unknown
Batting: RHB Mike Brown 0-0: Swinging Strike
0-1: Ball
1-1: Ball
2-1: Ball
3-1: Fly out, F8 (Line Drive, 8LXD)
Batting: RHB Israel Sanders 0-0: Called Strike
0-1: Foul Ball, location: 2F
0-2: Ball
1-2: Ball
2-2: Ball
3-2: Ground out 6-3 (Groundball, 6)
Batting: RHB Lorenzo Díaz 0-0: Fly out, F8 (Line Drive, 8LS)
Top of the 9th over - 0 run(s), 0 hit(s), 0 error(s), 0 left on base; Florida 1 - Ellenburg 11
Monday, March 20th, 2017 - OOTP Baseball 17.12 Build 75